 Dungeon Crawl Stone Soup version 0.31-a0-1074-g0b22e4e0f1 (webtiles) character file.

Game seed: 1435347806360576304

5 javelincjr the Chopper (level 1, 0/18 HPs)
             Began as a Minotaur Gladiator on Nov 30, 2023.
             Slain by a gnoll
             ... wielding a +0 halberd
              (4 damage)
             ... on level 2 of the Dungeon.
             The game lasted 00:01:54 (700 turns).

javelincjr the Chopper (Minotaur Gladiator)          Turns: 700, Time: 00:01:54

Health: 0/18       AC:  3    Str: 18    XL:     1   Next: 66%
Magic:  0/0        EV: 12    Int:  5    God:
Gold:   56         SH:  0    Dex: 11    Spells: 0/0 levels left

rFire   . . .        a - +0 war axe
rCold   . . .        (no shield)
rNeg    . . .        j - +0 leather armour
rPois   .            c - +0 hat
rElec   .            (no cloak)
rCorr   .            (no gloves)
SInv    .            (no boots)
Will    .....        (no amulet)
Stlth   +            (no ring)
HPRegen 0.23/turn    (no ring)
MPRegen 0.07/turn

%: no passive effects
@: no status effects
A: horns 2, retaliatory headbutt
a: no special abilities


You were on level 2 of the Dungeon.
You visited 1 branch of the dungeon, and saw 2 of its levels.

You collected 56 gold pieces.

Inventory:

Hand Weapons
 a - a +0 war axe (weapon)
 b - a +0 orcbow
Missiles
 d - 3 throwing nets (quivered)
 e - a javelin
Armour
 c - a +0 hat (worn)
 j - a +0 leather armour (worn)
Scrolls
 f - a scroll of identify {unknown}
 k - a scroll of vulnerability {unknown}
 m - a scroll of revelation {unknown}
Potions
 g - a potion of lignification {unknown}
 h - a potion of magic {unknown}
 i - a potion of enlightenment {unknown}
 l - a potion of curing {unknown}
 n - a potion of heal wounds {unknown}


   Skills:
 + Level 2.5 Fighting
 + Level 3.7 Axes
 + Level 0.2 Ranged Weapons
 - Level 2.0 Throwing
 + Level 0.4 Armour
 + Level 3.3 Dodging


You couldn't memorise any spells.
You didn't know any spells.
Your spell library contained the following spells:

 Spells                   Type           Power      Damage    Failure   Level
 Sandblast                Erth           0%         2d4       54%         1
 Passwall                 Tmut/Erth      0%         N/A       67%         2
 Stone Arrow              Conj/Erth      0%         3d7       88%         3
 Brom's Barrelling Bould  Conj/Erth      0%         2d3       99%         4


Dungeon Overview and Level Annotations

Branches:
Dungeon (2/15)

Altars:


Innate Abilities, Weirdness & Mutations

You have a pair of horns on your head.
You reflexively headbutt those who attack you in melee.


Message History

A rat comes into view.
You hit the rat.
You kill the rat!
No target in view!
A ball python comes into view.
The ball python hisses angrily.
The ball python bites you. The ball python grabs you.
The ball python constricts you. The ball python barely misses you.
The ball python constricts you.
You closely miss the ball python. You headbutt the ball python.
You kill the ball python!
No target in view!
You see here a ball python corpse.
You see here a ball python corpse.
Done exploring.
Done exploring.
Search for what [? for help]? .
What level of the Dungeon? (default 1, ? - help)
There is a stone staircase leading down here.
You climb downwards.
There is a stone staircase leading up here.
A rat comes into view.
The rat barely misses you.
You barely miss the rat. Your headbutt misses the rat. The rat bites you.
You hit the rat.
You kill the rat!
You now have 56 gold pieces (gained 8).
A gnoll comes into view. It is wielding a +0 halberd.
Found a scroll labelled KAUN UBUISA.
Found a stone staircase leading down.
The gnoll shouts!
You hear a shout! x2 2 gnolls come into view.
The gnoll shouts! x2
The gnoll hits you with a +0 halberd!
Ouch! That really hurt!
* * * LOW HITPOINT WARNING * * *
You are too injured to fight recklessly!
You are too injured to fight recklessly!
You hit the gnoll but do no damage. The gnoll barely misses you.
The gnoll hits you with a +0 halberd.
You die...

#.# #.# #.# #.# #.#
#.# #.# #.# # #.# #.#
#####.# #.# #.# ....
#.# #.#####.# .
#.####.......####....
#.....######.@....>#
#####.# #.#g....# #.#
#.#g....# #.#
#.#g.?..# #.#
#.#.....# #.#
#......... #.#
####...### #.# #.##
#.#


You could see 3 gnolls.

Vanquished Creatures
  A hobgoblin (D:1)
  2 ball pythons (D:1)
  3 rats
6 creatures vanquished.

Notes
Turn   | Place    | Note
-------+----------+-------------------------------------------
     0 | D:1      | javelincjr the Minotaur Gladiator began the quest for the
                  | Orb.
     0 | D:1      | Reached XP level 1. HP: 18/18 MP: 0/0
   407 | D:1      | Found a faded altar of an unknown god.
   700 | D:2      | Slain by a gnoll

Illustrated notes

Levels and vault maps discovered:
D:1:      lightli_iron_boxes, layout_loops_ring,
          hellmonk_ecumenical_altar_inner_sanctum
D:2:      layout_loops_ring

Action                     || total
---------------------------++-------
  Melee: War axe           ||    10
         Headbutt          ||     1
   Fire: Orcbow            ||     2
 Armour: Leather armour    ||     7
  Dodge: Dodged            ||     6

Table legend: (Time is in decaauts)
 A = Elapsed time spent in this place.
 B = Non-inter-level travel time spent in this place.
 C = Inter-level travel time spent in this place.
 D = Time resting spent in this place.
 E = Time spent auto-exploring this place.
 F = Levels seen in this place.
 G = Mean time per level.
                   A        B        C        D        E       F      G
               +--------+--------+--------+--------+--------+-----+--------+
         Total |    702 |    677 |     25 |      0 |    617 |   2 |  351.0 |
       Dungeon |    702 |    677 |     25 |      0 |    617 |   2 |  351.0 |
               +--------+--------+--------+--------+--------+-----+--------+

Top non-repeatable levels by time:
     D:1: 643 daAuts
     D:2: 59 daAuts
